Map: Coda EC

Players

AgCl

  • Race: Protoss Protoss

FuSe - Winner!

  • Race: Terran Terran

VOD

Have the link to the VOD?

Description

Time

  • Played on: May 15, 2015, 7:11 p.m.
  • Length: 15:59
Show
View Real Time Build Order
Export as new Build Order

AgCl Protoss 

Build Orders: Oracle Opening, Oracle Opening 

Get SALT Encoding   

  12  0:02  Probe  
  13  0:21  Pylon  
  13  0:23  Probe  
  13  0:24  Assimilator  
  14  0:39  Probe (Chrono Boost)  
  14  0:42  Gateway  
  16  0:50  Probe (Chrono Boost)  
  16  0:57  Probe (Chrono Boost)  
  17  1:00  Pylon  
  17  1:08  Probe (Chrono Boost)  
  18  1:18  Probe (Chrono Boost)  
  20  1:29  Cybernetics Core  
  20  1:31  Zealot (Chrono Boost)  
  20  1:32  Probe  
  22  1:44  Probe  
  23  1:50  Assimilator  
  23  1:56  Probe  
  24  2:08  Probe  
  25  2:11  Stargate  
  25  2:20  Probe (Chrono Boost)  
  26  2:23  Zealot  
  28  2:32  Mothership Core (Chrono Boost)  
  28  2:34  Gateway  
  28  2:35  Gateway  
  30  2:57  Probe (Chrono Boost)  
  29  3:02  Pylon  
  29  3:03  Warp Gate (Chrono Boost)  
  29  3:08  Probe  
  30  3:20  Oracle  
  30  3:26  Robotics Facility  
  33  3:28  Pylon  
  33  3:32  Probe  
  33  3:34  Gateway  
  34  3:59  Nexus  
  32  4:23  Pylon  
  32  4:24  Warp Prism  
  32  4:26  Void Ray (Chrono Boost)  
  32  4:31  Probe  
  39  4:43  Probe  
  40  5:09  Adept x3  
  40  5:10  Adept  
  40  5:12  Probe (Chrono Boost)  
  40  5:14  Pylon  
  50  5:18  Probe (Chrono Boost)  
  51  5:21  Probe (Chrono Boost)  
  51  5:25  Probe (Chrono Boost)  
  52  5:39  Adept x3  
  52  5:40  Adept  
  41  6:04  Stalker  
  41  6:05  Stalker, Adept x2  
  41  6:08  Void Ray (Chrono Boost)  
  41  6:11  Probe (Chrono Boost)  
  55  6:17  Probe (Chrono Boost)  
  55  6:20  Probe (Chrono Boost)  
  55  6:24  Probe (Chrono Boost)  
  49  6:34  Stalker, Adept x2  
  49  6:35  Adept  
  49  6:59  Observer  
  50  7:02  Void Ray (Chrono Boost)  
  50  7:05  Probe (Chrono Boost)  
  50  7:06  Probe (Chrono Boost), Pylon  
  50  7:07  Assimilator  
  56  7:10  Assimilator  
  58  7:16  Probe (Chrono Boost)  
  58  7:17  Probe (Chrono Boost)  
  59  7:23  Probe (Chrono Boost)  
  59  7:24  Probe (Chrono Boost)  
  54  7:32  Probe  
  54  7:35  Probe  
  56  7:37  Adept  
  56  7:38  Void Ray  
  56  7:42  Nexus  
  60  7:45  Probe (Chrono Boost)  
  61  7:54  Fleet Beacon  
  61  7:55  Pylon  
  62  8:00  Probe (Chrono Boost)  
  62  8:03  Adept  
  65  8:06  Probe (Chrono Boost)  
  65  8:10  Adept  
  67  8:24  Adept  
  67  8:25  Adept  
  71  8:48  Adept x3  
  69  8:58  Stalker  
  59  9:20  Probe (Chrono Boost)  
  59  9:22  Forge  
  61  9:25  Probe (Chrono Boost), Pylon  
  61  9:29  Pylon  
  62  9:31  Probe (Chrono Boost)  
  57  9:38  Probe (Chrono Boost), Assimilator  
  57  9:44  Assimilator  
  57  9:46  Probe (Chrono Boost), Pylon  
  57  9:47  Carrier (Chrono Boost)  
  58  9:56  Protoss Ground Weapons Level 1  
  58  9:59  Probe (Chrono Boost), Protoss Air Weapons Level 1 (Chrono Boost), Photon Cannon  
  57  10:00  Graviton Catapult (Chrono Boost)  
  57  10:01  Pylon  
  57  10:03  Probe x2 (Chrono Boost), Photon Cannon  
  57  10:05  Photon Cannon  
  58  10:07  Probe (Chrono Boost)  
  58  10:11  Probe (Chrono Boost)  
  58  10:12  Twilight Council  
  65  10:14  Pylon  
  65  10:17  Probe (Chrono Boost)  
  67  10:23  Probe (Chrono Boost)  
  67  10:26  Probe (Chrono Boost)  
  68  10:31  Probe  
  68  10:33  Probe  
  68  10:34  Pylon  
  70  10:37  Probe  
  71  10:44  Carrier (Chrono Boost)  
  71  10:51  Observer  
  72  10:57  Stargate  
  72  10:58  Stargate  
  72  11:00  Pylon  
  72  11:02  Pylon  
  78  11:05  Gateway  
  78  11:06  Gateway, Photon Cannon  
  78  11:07  Photon Cannon x2  
  78  11:08  Pylon, Photon Cannon  
  78  11:13  Warp Prism  
  96  11:18  Charge (Chrono Boost)  
  78  11:24  Robotics Bay  
  80  11:29  Pylon  
  80  11:32  Carrier (Chrono Boost)  
  85  11:49  Nexus  
  85  11:54  Dark Shrine  
  85  11:56  Carrier (Chrono Boost)  
  85  11:57  Templar Archives  
  85  12:07  Carrier (Chrono Boost)  
  85  12:14  Observer Gravitic Boosters (Chrono Boost)  
  97  12:29  Templar Archives  
  97  12:33  Protoss Air Weapons Level 2  
  95  12:53  Pylon  
  95  12:59  Pylon, Photon Cannon  
  95  13:00  Gateway  
  95  13:05  Assimilator  
  95  13:06  Psionic Storm, Pylon  
  95  13:10  Assimilator  
  99  13:14  Disruptor (Chrono Boost)  
  99  13:28  Disruptor  
  93  13:43  Stalker  
  93  13:44  Adept x3  
  93  13:45  Stalker  
  97  13:51  Stalker  
  87  14:13  Dark Templar x3  
  87  14:14  Dark Templar  
  82  14:25  Zealot x2  
  68  14:47  Dark Templar x2  
  68  14:49  Zealot x4  
  66  15:00  Archon  
  62  15:18  Adept  
  62  15:19  Adept x2  
  62  15:20  Adept x2  
  71  15:25  Gateway  
  63  15:31  Gateway  
  61  15:40  Adept x4  
  61  15:41  Adept x3  
Show
View Real Time Build Order
Export as new Build Order

FuSe Terran - Winner!

Build Orders:  

Get SALT Encoding   

  12  0:09  SCV  
  13  0:21  SCV  
  13  0:25  Supply Depot  
  14  0:34  SCV  
  15  0:46  SCV  
  15  0:49  Barracks  
  16  0:53  Refinery  
  16  0:58  SCV  
  17  1:10  SCV  
  18  1:23  SCV  
  19  1:36  Orbital Command  
  19  1:37  Supply Depot  
  19  1:39  Reaper  
  20  1:53  Engineering Bay  
  20  2:02  SCV  
  21  2:14  SCV  
  22  2:28  Command Center  
  22  2:31  SCV  
  22  2:34  Factory, Refinery  
  23  2:50  SCV  
  24  3:02  SCV  
  25  3:08  Barracks Tech Lab  
  25  3:14  SCV  
  25  3:18  Bunker  
  25  3:23  Missile Turret  
  25  3:26  SCV  
  26  3:30  Missile Turret  
  26  3:33  Cyclone  
  29  3:35  Barracks Reactor  
  29  3:38  SCV  
  30  3:41  Orbital Command  
  30  3:42  Supply Depot  
  30  3:49  Missile Turret  
  30  4:05  Cyclone  
  31  4:22  Marine  
  33  4:24  Marine  
  33  4:25  SCV  
  34  4:37  Widow Mine  
  36  4:45  Barracks Reactor  
  36  4:56  SCV x2  
  36  4:59  Missile Turret  
  38  5:08  SCV, Siege Tank, Starport  
  38  5:10  SCV  
  40  6:02  Marine x2  
  42  6:05  Widow Mine  
  44  6:31  Marine  
  44  6:37  Marine  
  44  6:42  Cyclone  
  43  6:55  Marine  
  43  6:57  SCV  
  45  7:02  Supply Depot  
  45  7:06  Starport  
  45  7:13  Widow Mine, Marine  
  48  7:31  Marine  
  49  7:42  SCV x2  
  51  7:45  Starport Reactor  
  51  7:47  Command Center  
  51  7:48  Marine  
  52  7:53  Barracks x2  
  52  7:55  SCV  
  52  7:56  SCV  
  52  7:57  Supply Depot  
  54  7:59  Supply Depot  
  54  8:10  Factory Reactor  
  54  8:15  SCV x2  
  54  8:24  Viking x2  
  57  8:48  Hellion  
  49  8:58  Marine  
  49  8:59  Hellion  
  50  9:08  Orbital Command  
  49  9:14  Marine  
  49  9:15  Marine  
  47  9:18  Barracks Tech Lab  
  47  9:19  Widow Mine  
  47  9:21  Viking x2  
  50  9:32  Marine  
  50  9:33  Marine  
  50  9:37  SCV x2  
  52  9:40  Marauder  
  52  9:43  SCV  
  55  9:49  SCV  
  54  10:05  Factory Reactor  
  54  10:07  Marauder  
  54  10:08  SCV x2, Barracks Tech Lab  
  54  10:12  Viking  
  54  10:13  Viking  
  62  10:15  Starport  
  62  10:20  Refinery x2  
  62  10:22  Barracks Reactor, Orbital Command  
  62  10:23  SCV  
  62  10:27  Missile Turret  
  63  10:28  Missile Turret  
  63  10:31  Missile Turret x2  
  63  10:32  Stimpack  
  63  10:35  Combat Shields  
  63  10:36  Marauder  
  63  10:39  SCV x2  
  67  10:50  SCV  
  67  10:51  SCV x2  
  67  10:55  Starport Reactor  
  70  11:02  Missile Turret x3  
  70  11:03  Missile Turret  
  70  11:04  Widow Mine x2  
  70  11:06  Marine x2  
  76  11:13  Supply Depot x2  
  76  11:14  Supply Depot  
  76  11:15  Supply Depot  
  76  11:21  SCV x2  
  76  11:22  Missile Turret  
  76  11:24  Marine  
  79  11:26  Missile Turret  
  79  11:33  Viking x4  
  79  11:35  Marine x2  
  79  11:36  Widow Mine x2, Marine  
  79  11:38  Supply Depot  
  94  11:42  Marine  
  95  11:53  Marine  
  94  12:03  Orbital Command  
  94  12:10  Supply Depot  
  94  12:11  Supply Depot x2  
  94  12:12  Supply Depot  
  94  12:17  Marine  
  94  12:18  Widow Mine, Marine x3  
  94  12:19  Medivac x2, Widow Mine  
  94  12:20  Medivac  
  108  12:35  Marine x2  
  108  12:36  Factory, Medivac  
  112  12:42  SCV  
  112  12:43  Supply Depot x2  
  113  12:44  Engineering Bay  
  113  12:45  Engineering Bay  
  113  12:49  Barracks, Medivac  
  113  12:50  Barracks  
  115  12:54  Refinery  
  115  12:56  Widow Mine x2  
  115  12:57  Refinery  
  115  12:58  Marine x3  
  121  12:59  Marine  
  121  13:00  Concussive Shells  
  123  13:10  Terran Infantry Weapons Level 1  
  123  13:11  Terran Infantry Armor Level 1  
  123  13:12  Armory  
  123  13:15  Marine  
  123  13:16  Marine  
  123  13:17  Marine  
  117  13:38  Widow Mine, Marine x4  
  117  13:39  Medivac, Widow Mine  
  117  13:40  Medivac x3  
  104  13:55  Marine  
  104  13:56  Marine x3  
  102  14:13  Marine  
  102  14:14  Marine x3  
  94  14:31  Marine x2  
  94  14:32  Widow Mine x2, Marine x2  
  94  14:35  Viking x3  
  105  14:49  Marine x4  
  105  15:04  Widow Mine  
  105  15:05  Medivac x2, Widow Mine  
  105  15:06  Medivac  
  105  15:07  SCV x2, Marine x3  
  117  15:35  Marine  
  117  15:36  Marine x3  
Tags
 
Add a new tag
Caveats
  • Supply blocks, unpowered buildings, or Contaminate may cause inaccurate times.
  • Supply counts are checked every 10 seconds.